 Dungeon Crawl Stone Soup version 0.22.1-2-g9c5b331 (webtiles) character file.

160 Hoivenmaven the Insei (level 5, 0/37 HPs)
             Began as a Demonspawn Transmuter on Dec 10, 2018.
             Slain by a gnoll
             ... wielding a +0 spear
              (11 damage)
             ... on level 3 of the Dungeon.
             The game lasted 00:08:28 (4091 turns).

Hoivenmaven the Insei (Demonspawn Transmuter)       Turns: 4091, Time: 00:08:29

Health: 0/37       AC:  2    Str: 11    XL:     5   Next: 17%
Magic:  7/8        EV: 12    Int: 15    God:
Gold:   116        SH:  0    Dex: 15    Spells: 1/8 levels left

rFire    . . .     SeeInvis .     - Unarmed
rCold    . . .     Gourm    .   (no shield)
rNeg     . . .     Faith    .   b - +0 robe
rPois    .         Spirit   .   (no helmet)
rElec    .         Reflect  .   (no cloak)
rCorr    .         Harm     .   (no gloves)
MR       .....                  (no boots)
Stlth    ++........             (no amulet)
HPRegen  0.12/turn              (no ring)
MPRegen  0.11/turn              (no ring)

@: appendage
A: claws 2, horns 2, thin skeletal structure 1
a: End Transformation


You were on level 3 of the Dungeon.
You were not hungry.
You had grown temporary horns.
You visited 1 branch of the dungeon, and saw 3 of its levels.

You collected 116 gold pieces.

Inventory:

Missiles
 a - 50 arrows
Armour
 b - a +0 robe (worn)
Scrolls
 f - 2 scrolls of magic mapping {unknown}
 g - a scroll of teleportation {unknown}
 h - 7 scrolls of identify {unknown}
 l - a scroll of fog {unknown}
 m - 4 scrolls of remove curse {unknown}
 q - a scroll of blinking {unknown}
 r - a scroll of noise {unknown}
 s - a scroll of random uselessness {unknown}
Potions
 c - a potion of ambrosia {unknown}
 j - a potion of lignification
 k - a potion of berserk rage {unknown}
 n - a potion of brilliance {unknown}
 o - a potion of heal wounds {unknown}
Comestibles
 d - 7 rations
 i - 3 chunks of flesh


   Skills:
 - Level 1.0 Fighting
 - Level 1.7 Dodging
 - Level 4.0 Unarmed Combat
 - Level 2.0 Spellcasting
 * Level 4.0 Transmutations


You had one spell level left.
You knew the following spells:

 Your Spells              Type           Power        Failure   Level  Hunger
a - Beastly Appendage     Tmut           ##....       4%          1    #......
b - Sticks to Snakes      Tmut           ##......     6%          2    ###....
c - Ice Form              Ice/Tmut       #.......     67%         4    #####..

Your spell library contained the following spells:

 Spells                   Type           Power        Failure   Level  Hunger
 Spider Form              Tmut/Pois      #.........   28%         3    ###....
 Blade Hands              Tmut           ##........   75%         5    ######.


Dungeon Overview and Level Annotations

Branches:
Dungeon (3/15)

Altars:
Gozag
Hepliaklqana


Innate Abilities, Weirdness & Mutations

You have very sharp fingernails.
You have a somewhat thin skeletal structure. (Dex +2, Stealth)
You have a pair of horns on your head.


Message History

You closely miss the gnoll. The gnoll hits you with a spear.
You scratch the gnoll but do no damage. The gnoll misses you.
You closely miss the gnoll. The gnoll hits you with a spear.
You claw the gnoll!
The gnoll is severely wounded.
You scratch the gnoll but do no damage.
The gnoll is severely wounded.
The gnoll hits you with a spear!
You are too injured to fight recklessly!
You completely miss the gnoll.
The gnoll is severely wounded.
The gnoll hits you with a spear.
* * * LOW HITPOINT WARNING * * *
You scratch the gnoll.
The gnoll is almost dead.
The gnoll hits you but does no damage.
You scratch the gnoll but do no damage. Your headbutt misses the gnoll.
The gnoll is almost dead.
The gnoll hits you with a spear!
You die...

#............................#
#.............##+####........#
#.............##.## #.)......#
#.....(.).....##..# #........#
#.....(.......###.# #........#
#.............###'###.(......#
######)................).....#
..........................[#
######.......@g............#
#.....................#
#.....................#
#.....................#
#..............##+#####
#.#.#.#.........##.#
..................#.#####
.#.#.#.#........#.#.#.g.#
................#...#.#.#


You could see a gnoll.

Vanquished Creatures
  7 adders
  3 gnolls
  A worm (D:1)
  3 dart slugs
  A leopard gecko (D:2)
  5 orcs
  A ball python (D:3)
  7 bats
  5 goblins
  7 hobgoblins
  7 frilled lizards
  4 kobolds
  12 rats
63 creatures vanquished.

Notes
Turn   | Place    | Note
-------+----------+-------------------------------------------
     0 | D:1      | Hoivenmaven the Demonspawn Transmuter began the quest for
                  | the Orb.
     0 | D:1      | Reached XP level 1. HP: 15/15 MP: 3/3
   251 | D:1      | Gained mutation: You have sharp fingernails. [demonic
                  | ancestry]
   251 | D:1      | Reached XP level 2. HP: 21/21 MP: 3/5
   255 | D:1      | Learned a level 2 spell: Sticks to Snakes
  1346 | D:1      | Gained mutation: You have a somewhat thin skeletal
                  | structure. (Dex +2, Stealth) [demonic ancestry]
  1346 | D:1      | Reached XP level 3. HP: 7/26 MP: 3/6
  3006 | D:3      | Found an opulent altar of Gozag.
  3027 | D:3      | Gained mutation: You have very sharp fingernails. [demonic
                  | ancestry]
  3027 | D:3      | Reached XP level 4. HP: 32/32 MP: 7/7
  3261 | D:3      | Learned a level 4 spell: Ice Form
  3862 | D:3      | Reached XP level 5. HP: 37/37 MP: 8/8
  3885 | D:3      | Found a hazy altar of Hepliaklqana.
  4091 | D:3      | Slain by a gnoll

Skill      XL: |  1  2  3  4  5 |
---------------+----------------+-----
Transmutations | 2 3 4 |  4.0
Unarmed Combat | 3 4 |  4.0
Fighting       | |  1.0
Dodging        | |  1.7
Spellcasting   | |  2.0

Action                   |  1- 3 |  4- 6 || total
-------------------------+-------+-------++-------
Melee: Unarmed           |   129 |    69 ||   198
       Kick              |     6 |     5 ||    11
       Headbutt          |     1 |     1 ||     2
       Punch             |     1 |       ||     1
 Cast: Beastly Appendage |    12 |     6 ||    18
       Sticks to Snakes  |     3 |     1 ||     4
  Use: Potion            |       |     4 ||     4
 Stab: Sleeping          |     7 |     2 ||     9
  Eat: Chunk             |     7 |     4 ||    11
Armor: Robe              |    22 |     8 ||    30
       Skin              |       |    18 ||    18
Dodge: Dodged            |    78 |    39 ||   117
